 Dungeon Crawl Stone Soup version 0.21.1-1-g345015fe64 (webtiles) character file.

58 JarielCorvus the Magician (level 3, -9/19 HPs)
             Began as a Deep Elf Venom Mage on July 6, 2018.
             Killed from afar by patthesweetcat's ghost (12 damage)
             ... with a flame tongue
             ... on level 3 of the Dungeon.
             The game lasted 00:04:53 (1699 turns).

JarielCorvus the Magician (Deep Elf Venom Mage)     Turns: 1699, Time: 00:04:54

Health: -9/19      AC:  2    Str:  5    XL:     3   Next: 75%
Magic:  18/20      EV: 13    Int: 20    God:
Gold:   169        SH:  0    Dex: 15    Spells: 5/11 levels left

rFire    . . .     SeeInvis .   (no weapon)
rCold    . . .     Gourm    .   (no shield)
rNeg     . . .     Faith    .   a - +0 robe
rPois    .         Spirit   .   (no helmet)
rElec    .         Reflect  .   (no cloak)
rCorr    .         Harm     .   (no gloves)
MR       .....                  (no boots)
Stlth    ++........             (no amulet)
HPRegen  0.06/turn              l - ring of magical power
MPRegen  0.17/turn              (no ring)

@: no status effects
A: no striking features
a: no special abilities


You were on level 3 of the Dungeon.
You were not hungry.

You visited 1 branch of the dungeon, and saw 3 of its levels.

You collected 169 gold pieces.

Inventory:

Hand Weapons
 d - a +0 hunting sling
Missiles
 f - 55 stones (quivered)
Armour
 a - a +0 robe (worn)
Jewellery
 l - a ring of magical power (left hand)
Wands
 g - a wand of polymorph (17)
Scrolls
 i - a scroll of teleportation {unknown}
Potions
 e - 2 potions of flight
 h - a potion of curing
 k - a potion of might
Books
 b - a Young Poisoner's Handbook

   Spells                             Type                      Level
   a - Sting                          Conjuration/Poison           1
   b - Poisonous Vapours              Poison/Air                   2
   c - Mephitic Cloud                 Conjuration/Poison/Air       3
   d - Olgreb's Toxic Radiance        Poison                       4
   e - Venom Bolt                     Conjuration/Poison           5
Comestibles
 c - 2 rations


   Skills:
 - Level 2.4 Dodging
 - Level 2.4 Stealth
 * Level 4.5 Spellcasting
 + Level 2.1 Conjurations
 + Level 3.9 Poison Magic


You had 5 spell levels left.
You knew the following spells:

 Your Spells              Type           Power        Failure   Level  Hunger
a - Sting                 Conj/Pois      ###.         3%          1    None
b - Poisonous Vapours     Pois/Air       ##....       9%          2    #......
c - Mephitic Cloud        Conj/Pois/Air  ##......     16%         3    ##.....


Dungeon Overview and Level Annotations

Branches:
Dungeon (3/15)

Altars:
Dithmenos

Annotations:
D:3 patthesweetcat's ghost, amateur OpFE


Message History

Throwing (i - inventory):
f - 57 stones (quivered)
Press: ? - help, Shift-Dir - straight line, f/p - patthesweetcat's ghost
Aim: patthesweetcat's ghost (lightly damaged)
You throw a stone.
The stone barely misses patthesweetcat's ghost.
Patthesweetcat's ghost closely misses you.
Throwing (i - inventory):
f - 56 stones (quivered)
Press: ? - help, Shift-Dir - straight line, f/p - patthesweetcat's ghost
Aim: patthesweetcat's ghost (lightly damaged)
You throw a stone.
The stone hits patthesweetcat's ghost but does no damage.
Patthesweetcat's ghost is lightly damaged.
Patthesweetcat's ghost casts a spell at you.
The puff of flame hits you!
* * * LOW HITPOINT WARNING * * *
Patthesweetcat's ghost ripples.
Patthesweetcat's ghost casts a spell at you.
The flame tongue hits you!
Ouch! That really hurt!
You die...

#.## #. #..# #.# .
##.## #.## .. #..#
#(.. ...
###.######.. ....
#........... .....
#.##.#####.###...†..
#.##..# #...W..).$..
#.###.# #.@##(......
# #.# #.###..#
(#+#### .#+####.#
#..##..##(#.#
........#
##.##....(...
........#
#..#...#.##.
........#
##..........
........#
#..###.###.
...†....# #..# .#
........######.# '#


You could see patthesweetcat's ghost.

Vanquished Creatures
  An adder (D:3)
  An ooze (D:2)
  An orc (D:3)
  4 giant cockroaches
  6 goblins
  4 hobgoblins
  2 jackals (D:1)
  6 kobolds
  2 quokkas (D:3)
  A ball python (D:2)
  5 bats
  3 frilled lizards
  3 rats
39 creatures vanquished.

Notes
Turn   | Place    | Note
-------+----------+-------------------------------------------
     0 | D:1      | JarielCorvus the Deep Elf Venom Mage began the quest for the Orb.
     0 | D:1      | Reached XP level 1. HP: 10/10 MP: 6/6
   154 | D:1      | Reached XP level 2. HP: 15/15 MP: 5/8
   161 | D:1      | Learned a level 2 spell: Poisonous Vapours
   911 | D:2      | Reached skill level 4 in Spellcasting
   914 | D:2      | Reached XP level 3. HP: 10/19 MP: 0/10
  1068 | D:2      | Learned a level 3 spell: Mephitic Cloud
  1269 | D:2      | Found a shadowy altar of Dithmenos.
  1686 | D:3      | Noticed patthesweetcat's ghost (amateur OpFE)
  1699 | D:3      | Killed from afar by patthesweetcat's ghost

Skill      XL: |  1  2  3 |
---------------+----------+-----
Spellcasting   | 4 |  4.5
Conjurations   | 2 |  2.1
Dodging        | |  2.4
Stealth        | |  2.4
Poison Magic   | |  3.9

Action                   || total
-------------------------++-------
Throw: Stone             ||    11
 Cast: Sting             ||    70
       Poisonous Vapours ||     7
  Use: Scroll            ||     8
  Eat: Chunk             ||     2
Armor: Robe              ||     2
Dodge: Dodged            ||    21
